General information
- name: BNet
- type: Ladder 1vs1/FFA
- host: Battle.net
- saver: BEAR_AND
map: TurtleRock
- players: 2
- length: 06:55
- speed: Fast
- version: 1.21 W3XP
- replay type:

» download(23 KB)
Players
team 1 (loser)
choochoo (
purple | 90 APM | 621 actions | 06:53)
2 Blademaster
1 Wind Walk
1 Critical Strike
1 Firelord
1 Summon Lava Spawn
» actions
| Assign group hotkey | 17 | |
| Basic commands | 15 | |
| Build / train | 22 | |
| Enter build submenu | 10 | |
| Enter hero's abilities submenu | 3 | |
| Right click | 274 | |
| Select / deselect | 70 | |
| Select group hotkey | 188 | |
| Use ability | 22 | |
621 total
» units
» buildings
| Altar of Storms | 1 | |
| Orc Burrow | 3 | |
| Barracks | 1 | |
| Voodoo Lounge | 1 | |
| Stronghold | 2 | |
| War Mill | 1 | |
| Watch Tower | 1 | |
10 total
» build order
00:07 Altar of Storms
00:20 Orc Burrow
00:34 Barracks
01:41 Orc Burrow
02:00 Voodoo Lounge
02:58 Stronghold
02:58 Stronghold
04:07 War Mill
04:13 Orc Burrow
06:18 Watch Tower
» items
| Healing Salve | 1 | |
| Potion of Healing | 1 | |
2 total
team 2 (winner)
BEAR_AND (
teal | 102 APM | 706 actions | 06:55)
1 Shadow Hunter
1 Serpent Ward
» actions
| Assign group hotkey | 16 | |
| Basic commands | 1 | |
| Build / train | 20 | |
| Enter build submenu | 18 | |
| Enter hero's abilities submenu | 1 | |
| Remove unit from queue | 2 | |
| Right click | 380 | |
| Select / deselect | 151 | |
| Select group hotkey | 88 | |
| Use ability | 29 | |
706 total
» units
» buildings
| Altar of Storms | 1 | |
| Orc Burrow | 3 | |
| Barracks | 1 | |
| War Mill | 1 | |
| Voodoo Lounge | 2 | |
| Watch Tower | 7 | |
15 total
» build order
00:08 Altar of Storms
00:18 Orc Burrow
00:51 Barracks
01:27 War Mill
01:44 Orc Burrow
02:52 Voodoo Lounge
03:42 Voodoo Lounge
04:07 Watch Tower
04:22 Watch Tower
04:23 Watch Tower
04:24 Watch Tower
04:38 Watch Tower
04:46 Watch Tower
06:06 Watch Tower
06:35 Orc Burrow
Chat log
(00:04 / All) BEAR_AND: good evening
(00:10 / All) choochoo: hi tyler
(00:15 / All) BEAR_AND: hi & hello
(06:36 / All) choochoo: ugh gg
(06:38 / All) BEAR_AND: hahahah